Map: Romanticide LE

Players

Scarlett

  • Race: Zerg Zerg

Neeb - Winner!

  • Race: Protoss Protoss

Event: DreamHack SC2 Masters 2021 Winter

VOD

Have the link to the VOD?

Description

Time

  • Played on: Oct. 17, 2021, 5:12 p.m.
  • Length: 12:36

All games in this series

Show
View Real Time Build Order
Export as new Build Order

Scarlett Zerg 

Build Orders: 3 Hatch before Pool 

Get SALT Encoding   

  12  0:00  Drone  
  13  0:12  Overlord  
  13  0:17  Drone  
  14  0:30  Drone  
  14  0:31  Drone  
  16  0:41  Drone  
  17  0:47  Drone  
  18  1:09  Hatchery  
  17  1:16  Hatchery  
  16  1:20  Drone  
  16  1:23  Drone  
  16  1:25  Extractor  
  17  1:38  Spawning Pool  
  16  1:42  Drone  
  16  1:45  Drone  
  18  1:49  Drone  
  19  1:54  Drone  
  20  2:04  Overlord  
  20  2:16  Drone  
  21  2:25  Queen x2  
  21  2:28  Metabolic Boost  
  26  2:32  Drone x2  
  28  2:38  Overlord  
  28  2:39  Zergling x2  
  28  2:44  Zergling x2  
  29  2:48  Zergling x2  
  30  2:54  Zergling x2  
  31  3:01  Queen x2  
  35  3:10  Overlord  
  35  3:11  Zergling x2  
  35  3:12  Zergling x2  
  37  3:19  Drone x2  
  38  3:29  Zergling x2  
  38  3:33  Drone x5  
  44  3:39  Overlord  
  44  3:40  Drone x2  
  46  3:48  Queen  
  46  3:52  Hatchery  
  46  3:55  Overlord  
  47  4:01  Drone  
  47  4:02  Drone, Spore Crawler  
  48  4:10  Drone x5  
  50  4:21  Drone x5  
  54  4:27  Spore Crawler  
  52  4:40  Drone x3  
  52  4:42  Queen  
  52  4:45  Drone x4  
  60  4:55  Drone x4  
  60  4:57  Queen  
  65  5:03  Drone x2  
  65  5:06  Spore Crawler  
  66  5:07  Queen  
  66  5:08  Overlord  
  66  5:09  Drone  
  66  5:11  Drone x2  
  71  5:15  Zergling x2  
  71  5:16  Zergling x2  
  73  5:24  Overlord x2  
  73  5:32  Zergling x4  
  74  5:37  Drone x7  
  81  5:46  Zergling x4  
  81  5:48  Drone x3  
  86  5:51  Extractor  
  86  5:52  Extractor  
  86  5:55  Roach Warren  
  82  5:58  Drone x5  
  82  5:59  Lair  
  82  6:02  Extractor  
  82  6:03  Evolution Chamber, Extractor  
  82  6:04  Drone x3  
  87  6:08  Extractor  
  86  6:13  Drone x4  
  86  6:16  Overlord  
  86  6:17  Hatchery  
  88  6:18  Drone x4  
  90  6:32  Zerg Missile Weapons Level 1  
  90  6:34  Drone x8  
  93  6:47  Drone x5  
  98  6:56  Hatchery, Overlord x2  
  98  6:57  Glial Reconstitution  
  98  6:59  Queen x3  
  103  7:03  Overseer  
  103  7:04  Overlord x4  
  103  7:05  Overlord  
  103  7:16  Overlord x4  
  103  7:17  Roach  
  103  7:18  Roach x3  
  111  7:35  Queen x3  
  117  7:38  Roach x7  
  131  7:45  Roach x5  
  141  7:53  Roach x4  
  149  8:02  Roach  
  149  8:03  Roach  
  153  8:08  Roach x4  
  153  8:09  Roach x3  
  164  8:12  Spore Crawler  
  164  8:16  Ravager x8  
  169  8:20  Roach  
  169  8:21  Roach x6  
  183  8:29  Roach x4  
  191  8:35  Zerg Missile Weapons Level 2  
  191  8:38  Overseer  
  191  8:42  Zergling x2  
  191  8:43  Overlord x2  
  189  8:59  Roach x2  
  182  9:05  Roach  
  182  9:06  Roach x10  
  188  9:12  Roach x8  
  188  9:16  Roach x2  
  188  9:21  Roach x2  
  174  9:24  Queen x2  
  174  9:29  Roach x4  
  161  9:35  Hydralisk Den  
  155  9:39  Zergling x8  
  159  9:46  Extractor  
  159  9:47  Extractor  
  159  9:50  Drone x9  
  166  9:53  Queen  
  166  9:56  Hatchery  
  166  9:59  Ravager x2  
  169  10:03  Queen  
  169  10:04  Queen  
  173  10:08  Muscular Augments, Lurker Den  
  173  10:09  Drone x2  
  173  10:11  Infestation Pit  
  173  10:19  Zergling x12, Roach x5  
  189  10:34  Drone x2  
  183  10:37  Spine Crawler  
  179  10:51  Roach x10  
  171  11:17  Hive  
  156  11:20  Grooved Spines  
  156  11:22  Roach x4  
  156  11:23  Roach x13  
  190  11:47  Zergling x20  
  190  11:53  Spore Crawler  
  199  12:00  Roach x7  
  187  12:08  Roach x4  
  187  12:09  Roach x3  
  182  12:29  Hydralisk Den  
Show
View Real Time Build Order
Export as new Build Order

Neeb Protoss - Winner!

Build Orders: Oracle Opening, Zealot Archon 

Get SALT Encoding   

  12  0:00  Probe  
  13  0:12  Probe  
  14  0:19  Pylon  
  14  0:24  Probe  
  15  0:37  Probe (Chrono Boost)  
  15  0:39  Gateway  
  16  0:46  Probe (Chrono Boost)  
  16  0:49  Assimilator  
  17  0:52  Probe  
  18  1:04  Probe  
  19  1:16  Probe  
  20  1:24  Pylon  
  20  1:26  Zealot (Chrono Boost)  
  20  1:27  Cybernetics Core  
  20  1:29  Probe  
  23  1:42  Probe  
  23  1:44  Zealot (Chrono Boost)  
  23  1:45  Assimilator  
  26  1:54  Probe  
  27  2:01  Pylon  
  27  2:06  Probe  
  28  2:09  Adept (Chrono Boost)  
  30  2:19  Probe  
  31  2:27  Stargate  
  31  2:31  Adept  
  31  2:32  Probe  
  34  2:47  Nexus  
  34  2:50  Probe  
  35  2:53  Warp Gate  
  35  2:59  Pylon  
  35  3:04  Probe  
  36  3:11  Oracle (Chrono Boost)  
  36  3:19  Probe  
  40  3:32  Probe  
  41  3:44  Probe  
  41  3:45  Gateway, Oracle  
  45  3:59  Probe (Chrono Boost)  
  45  4:00  Probe (Chrono Boost)  
  47  4:07  Adept  
  47  4:08  Probe (Chrono Boost)  
  49  4:11  Probe (Chrono Boost)  
  49  4:13  Probe (Chrono Boost)  
  48  4:20  Probe  
  49  4:24  Pylon  
  49  4:25  Oracle  
  49  4:26  Probe  
  53  4:32  Probe  
  53  4:38  Probe  
  55  4:44  Probe  
  55  4:50  Adept x2  
  59  4:53  Probe  
  59  4:57  Probe  
  60  5:04  Nexus  
  60  5:05  Assimilator, Probe, Pylon  
  61  5:07  Robotics Facility, Assimilator  
  61  5:09  Probe  
  61  5:14  Forge  
  62  5:17  Probe  
  63  5:21  Probe  
  63  5:24  Adept x2  
  63  5:26  Shield Battery  
  68  5:29  Probe  
  68  5:35  Probe  
  70  5:41  Probe  
  71  5:45  Twilight Council, Protoss Ground Weapons Level 1 (Chrono Boost)  
  71  5:47  Probe  
  72  5:51  Gateway  
  72  5:53  Gateway  
  72  5:54  Probe (Chrono Boost)  
  73  5:59  Probe (Chrono Boost)  
  75  6:05  Robotics Bay  
  75  6:06  Observer (Chrono Boost), Probe (Chrono Boost)  
  75  6:09  Probe (Chrono Boost)  
  77  6:11  Probe (Chrono Boost)  
  77  6:13  Pylon  
  77  6:14  Probe (Chrono Boost)  
  77  6:17  Assimilator  
  79  6:20  Assimilator, Probe (Chrono Boost), Sentry x2  
  79  6:21  Probe (Chrono Boost)  
  86  6:29  Immortal (Chrono Boost), Probe (Chrono Boost)  
  86  6:32  Probe (Chrono Boost)  
  92  6:33  Probe (Chrono Boost)  
  93  6:40  Probe (Chrono Boost)  
  93  6:41  Probe x2 (Chrono Boost)  
  93  6:46  Probe  
  91  6:49  Probe x2, Charge, Templar Archives  
  94  6:55  Gateway  
  94  6:56  Gateway  
  94  6:58  Gateway, Probe  
  94  7:00  Disruptor (Chrono Boost)  
  98  7:06  Gateway  
  98  7:08  Probe x2  
  100  7:16  Pylon  
  100  7:17  Pylon  
  100  7:27  Gateway  
  100  7:28  Probe  
  100  7:29  Gateway  
  101  7:32  Disruptor  
  101  7:34  Probe  
  105  7:37  Zealot x2, High Templar x2  
  105  7:42  Photon Cannon x2  
  113  7:44  Archon  
  113  7:45  Pylon  
  113  7:48  Nexus  
  113  7:51  High Templar x2  
  113  7:53  Protoss Ground Weapons Level 2 (Chrono Boost)  
  113  7:55  Archon  
  117  8:05  Zealot x4  
  125  8:07  Photon Cannon  
  125  8:26  Pylon  
  125  8:27  Pylon  
  125  8:28  Pylon  
  125  8:29  Pylon  
  125  8:35  Shield Battery  
  125  8:37  Shield Battery  
  125  8:39  Photon Cannon  
  125  8:40  Photon Cannon  
  125  8:42  Photon Cannon  
  125  8:44  Probe, Disruptor  
  125  8:46  Zealot x2  
  125  8:47  Zealot x2  
  137  8:49  High Templar x3  
  137  8:50  High Templar  
  137  8:54  Archon  
  137  8:55  Archon  
  135  9:07  Zealot x4  
  133  9:15  Probe x2  
  130  9:18  Void Ray  
  130  9:20  Disruptor  
  130  9:22  Zealot x3  
  121  9:25  Zealot  
  121  9:27  Zealot x2  
  123  9:41  Nexus  
  123  9:44  Probe  
  123  9:45  Probe  
  123  9:49  Sentry, High Templar x2  
  123  9:50  Sentry  
  123  9:51  Zealot x3  
  137  9:54  Archon  
  137  9:58  Pylon  
  140  10:01  Immortal (Chrono Boost)  
  141  10:07  High Templar  
  143  10:15  Photon Cannon, Zealot x2, High Templar  
  143  10:16  Zealot  
  143  10:21  Photon Cannon, Archon  
  151  10:23  Photon Cannon  
  151  10:41  Zealot x5, High Templar x2  
  160  10:45  Archon  
  160  10:50  Warp Prism (Chrono Boost)  
  162  11:01  Assimilator  
  162  11:03  Assimilator  
  147  11:12  Stalker x5  
  147  11:23  Disruptor (Chrono Boost)  
  150  11:29  Zealot, High Templar x2  
  156  11:34  Archon  
  156  11:35  Zealot x4, Nexus, High Templar x2  
  156  11:39  Archon  
  168  11:44  Zealot  
  170  11:48  Pylon  
  158  12:12  Zealot x10  

Tags
 
Add a new tag
Caveats
  • Supply blocks, unpowered buildings, or Contaminate may cause inaccurate times.
  • Supply counts are checked every 10 seconds.